 Dungeon Crawl Stone Soup version 0.14-a0-2162-g062a2ce (webtiles) character file.

276 Jenx the Cudgeler (level 5, 0/34 HPs)
             Began as a Formicid Skald on Jan 28, 2014.
             Slain by Pikel
             ... wielding a +1,+0 whip of freezing
              (3 damage)
             ... on Level 4 of the Dungeon.
             The game lasted 00:09:08 (3283 turns).

Jenx the Cudgeler (Formicid Skald)                  Turns: 3283, Time: 00:09:08

HP   0/34        AC  4     Str 17      XL: 5   Next: 34%
MP   3/9         EV 10     Int 12      God:
Gold 169         SH  0     Dex 10      Spells:  3 memorised,  2 levels left

rFire  . . .     SeeInvis +     a - +0 mace
rCold  . . .     Clarity  .     b - +0 leather armour
rNeg   . . .     Conserve .     (no shield)
rPois  x         rCorr    .     (helmet unavailable)
rElec  .         rRot     .     (no cloak)
SustAb . .       Spirit   .     (no gloves)
rMut   .         Warding  .     (no boots)
Saprov . . .     Stasis   +     (no amulet)
MR     +....                    (no ring)
                                (no ring)

@: somewhat resistant to hostile enchantments, very unstealthy
A: permanent stasis, dig shafts and tunnels, four strong arms, poison weakness,
antennae 3, hooves 1, magic resistance 1, exoskeleton 1
a: Dig, Shaft Self


You were on level 4 of the Dungeon.
You were very hungry.

You visited 1 branch of the dungeon, and saw 4 of its levels.

You collected 169 gold pieces.

Inventory:

Hand weapons
 a - a +0,+0 mace (weapon)
 t - a cursed -1,+0 short sword
Missiles
 k - 23 darts (quivered)
 w - 7 curare-tipped needles
Armour
 b - a +0 leather armour (worn)
Magical devices
 r - a wand of cold (5) {unknown}
 u - a wand of polymorph (9)
Comestibles
 d - 3 bread rations
 o - 2 pears
 s - a choko
 x - a meat ration
Scrolls
 e - 3 scrolls of remove curse {unknown}
 f - 2 scrolls of noise {unknown}
 g - a scroll of recharging {unknown}
 i - 2 scrolls of curse jewellery {unknown}
 l - 6 scrolls of identify {unknown}
 v - 2 scrolls of teleportation {unknown}
 y - a scroll of curse armour {unknown}
 B - a scroll of curse weapon {unknown}
 F - a scroll of amnesia {unknown}
Jewellery
 p - an uncursed ring of see invisible {unknown}
Potions
 h - 2 potions of speed
 n - a potion of poison
 q - 2 potions of paralysis
Books
 c - a book of Battle

   Spells                             Type                      Level
   *Infusion                          Charms                       1
   *Shroud of Golubria                Charms/Translocation         2
   Song of Slaying                    Charms                       2
   Spectral Weapon                    Hexes/Charms                 3
   *Regeneration                      Charms/Necromancy            3


   Skills:
 - Level 2.0 Fighting
 * Level 4.6 Maces & Flails
 - Level 1.2 Armour
 - Level 0.8 Dodging
 - Level 2.1 Spellcasting
 - Level 3.0 Charms
 - Level 1.0 Necromancy


You had 2 spell levels left.
You knew the following spells:

 Your Spells              Type           Power        Failure   Level  Hunger
a - Infusion              Chrm           #.....       10%         1    ##.....
b - Shroud of Golubria    Chrm/Tloc      #.........   21%         2    ###....
d - Regeneration          Chrm/Necr      #.........   34%         3    ####...


Dungeon Overview and Level Annotations

Branches:
Dungeon (4/16)
 Temple: D:4-7

Altars:

Annotations:
D:4 Pikel


Innate Abilities, Weirdness & Mutations

Your are under a permanent stasis effect.
You can dig through walls and to a lower floor.
Your four strong arms can wield any weapon, most with a shield.
You are susceptible to poison.
You have a pair of large antennae on your head (SInv).
Your body is surrounded by an exoskeleton. (AC +1)
You have large cloven feet.
You are resistant to hostile enchantments.


Message History

Pikel is heavily wounded.
Pikel barely misses you.
Throwing (i - inventory. (,) - cycle):
E - a silver javelin (quivered)
Press: ? - help, Shift-Dir - straight line, f - Pikel
Aim: Pikel, wielding a whip of freezing and wearing a robe (heavily wounded)
You throw a silver javelin. The silver javelin misses Pikel.
The silver javelin misses the slave.
The silver javelin hits the slave.
The slave is moderately wounded.
Pikel hits you with a whip of freezing.
* * * LOW HITPOINT WARNING * * *
Your shroud falls apart!
Pikel freezes you.
* * * LOW HITPOINT WARNING * * *
You closely miss Pikel.
Pikel is heavily wounded.
Pikel closely misses you.
You closely miss Pikel. You kick Pikel.
Pikel is heavily wounded.
Pikel hits you but does no damage. Pikel hits you with a whip of freezing.
You die...

#.######## ..# #+# .##
#.# .# #.# ## #.# # #.#
####### #.#
......######.############
......'.....@@@K@.......'
......######.############
......# #.# ####### #.# #
#.# ## #.# .# #.# .# #.#
(###### #.#


You could see Pikel and 3 slaves.

Vanquished Creatures
  2 adders (D:2)
  3 worms
  An adder skeleton (D:4)
  3 giant geckos
  3 orcs
  4 bats
  4 giant cockroaches
  13 goblins
  5 hobgoblins
  5 kobolds
  4 ball pythons
  3 jackals (D:3)
  A kobold skeleton (D:3)
  An orc skeleton (D:4)
  A quokka (D:2)
  2 rats (D:1)
55 creatures vanquished.

Notes
Turn   | Place    | Note
--------------------------------------------------------------
     0 | D:1      | Jenx, the Formicid Skald, began the quest for the Orb.
     0 | D:1      | Reached XP level 1. HP: 14/14 MP: 3/3
    73 | D:1      | Reached XP level 2. HP: 19/19 MP: 4/4
   748 | D:2      | Reached XP level 3. HP: 24/24 MP: 6/6
   752 | D:2      | Learned a level 2 spell: Shroud of Golubria
   756 | D:2      | Learned a level 3 spell: Regeneration
   967 | D:2      | Reached skill level 1 in Necromancy
  1206 | D:2      | Reached XP level 4. HP: 18/29 MP: 3/7
  1817 | D:3      | Reached skill level 4 in Maces & Flails
  2690 | D:4      | Noticed a slave
  2690 | D:4      | Noticed a slave
  2690 | D:4      | Noticed a phantom
  2691 | D:4      | Noticed a slave
  2691 | D:4      | Noticed a slave
  2766 | D:4      | Reached XP level 5. HP: 5/34 MP: 2/9
  3250 | D:4      | Noticed Pikel
  3269 | D:4      | HP: 1/34 [poison (a potion of poison)]
  3271 | D:4      | Gained mutation: You are resistant to hostile enchantments. [potion of mutation]
  3271 | D:4      | Gained mutation: You have large cloven feet. [potion of mutation]
  3283 | D:4      | Slain by Pikel

Action                   |  1- 3 |  4- 6 || total
-------------------------+-------+-------++-------
Melee: Mace              |    85 |   146 ||   231
Throw: Javelin           |     5 |     6 ||    11
       Dart              |       |    12 ||    12
 Cast: Shroud of Golubri |     1 |     5 ||     6
       Regeneration      |       |     2 ||     2
       Infusion          |       |     1 ||     1
 Abil: Dig               |     1 |       ||     1
Evoke: Wand              |     1 |       ||     1
  Use: Potion            |       |     6 ||     6
